cohdb
Replays
Latest Replays
All Replays
Popular Replays
Top Player Replays
Match Explorer
How It Works
Community
CoH3 Stats
Reddit
Sign in to upload your games and track your stats! →
Sign in with Steam
Match 24740334
Unlisted
Match 24740334
Overview
Messages
Build Orders
End
Construct Barracks
Engineer Squad
Riflemen Squad
Riflemen Squad
Construct Medical Station
Riflemen Squad
Infantry Support Center
Grenade Package
Construct Medical Station
Selects Armored Battlegroup
Selects Fast Deploy
Construct Motor Pool
M1 Anti-tank Gun Team
M8 Greyhound Armored Car
Selects Veteran Crews
Riflemen Squad
M1918 Browning Automatic Rifles
M1 Anti-tank Gun Team
M1 Anti-tank Gun Team
Advanced Logistics
Scout Squad
Selects Seek and Destroy
Selects M4A3E8 Sherman Combat Group
Selects M31 Recovery Vehicle
Selects War Machine
M4A3E8 Sherman Combat Group
Jaap Aap
Wrathment
0
0
Comments
sign in to comment!
No comments posted yet!